 Dungeon Crawl Stone Soup version 0.19.5 (webtiles) character file.

120 sveltemanboy the Slasher (level 4, 0/33 HPs)
             Began as a Demonspawn Gladiator on Mar 24, 2017.
             Was an Initiate of Okawaru.
             Slain by Grinder (3 damage)
             ... while paralysed by Grinder
             ... on level 3 of the Dungeon.
             The game lasted 00:05:48 (2019 turns).

sveltemanboy the Slasher (Demonspawn Gladiator)     Turns: 2019, Time: 00:05:50

Health: 0/33       AC:  9    Str: 21    XL:     4   Next: 75%
Magic:  4/4        EV:  2    Int: 10    God:    Okawaru [......]
Gold:   182        SH:  0    Dex: 13    Spells: 0 memorised, 3 levels left

rFire  + . .     SeeInvis .     a - +0 long sword
rCold  . . .     Gourm    .     j - +0 scale mail
rNeg   . . .     Faith    .     (no shield)
rPois  .         Spirit   .     c - +0 helmet
rElec  .         Reflect  .     (no cloak)
rCorr  .         Harm     .     e - +1 pair of gloves
MR     .....                    (no boots)
Stlth  ..........               (no amulet)
                                m - +5 ring of strength
                                q - ring of loudness (curse)

@: paralysed
A: claws 1, fire resistance 1, rot immunity, subdued magic 2
a: Renounce Religion


You were on level 3 of the Dungeon.
You worshipped Okawaru.
Okawaru was noncommittal.
You were not hungry.

You visited 1 branch of the dungeon, and saw 3 of its levels.

You collected 182 gold pieces.

Inventory:

Hand Weapons
 a - a +0 long sword (weapon)
Missiles
 d - 3 throwing nets
 r - a tomahawk (quivered)
Armour
 c - a +0 helmet (worn)
 e - a +1 pair of gloves (worn)
 j - a +0 scale mail (worn)
 k - a +0 buckler
Jewellery
 m - a +5 ring of strength (right hand)
 q - a cursed ring of loudness (left hand)
Scrolls
 o - a scroll of recharging
 u - 4 scrolls of amnesia
 v - a scroll of teleportation
Potions
 g - a potion of magic
 h - a potion of flight
 t - a potion of mutation
Comestibles
 b - a beef jerky
 f - a bread ration
 i - 10 fruits
 l - 8 chunks of flesh
 p - a meat ration
 s - a slice of pizza


   Skills:
 - Level 2.0 Fighting
 - Level 3.1 Long Blades
 - Level 1.7 Throwing
 + Level 1.5 Armour
 - Level 2.6 Dodging
 * Level 2.1 Shields
 * Level 2.1 Unarmed Combat


You had 3 spell levels left.
You didn't know any spells.

Dungeon Overview and Level Annotations

Branches:
Dungeon (3/15)

Altars:
Okawaru
Sif Muna
Uskayaw

Annotations:
D:3 Grinder


Innate Abilities, Weirdness & Mutations

You have sharp fingernails.
You are immune to rotting.
Your flesh is heat resistant. (rF+)
Your spells are easier to cast, but less powerful.


Message History

Grinder is moderately wounded.
Grinder hits you.
You writhe in agony.
* * * LOW HITPOINT WARNING * * *
You slash Grinder!
Grinder is heavily wounded.
Grinder closely misses you.
You closely miss Grinder.
Grinder is heavily wounded.
Grinder drinks a potion.
Grinder is healed!
You hit Grinder but do no damage. Grinder hits you but does no damage.
Grinder gestures at you.
You suddenly lose the ability to move!
Grinder gestures at you. You resist with significant effort.
Grinder gestures at you.
You barely resist. Grinder hits you.
* * * LOW HITPOINT WARNING * * *
Grinder hits you.
You die...

#........#
####....#...#
#......#.#..#
#.....#._.#.#
#......#.#..#
#.......#...#
#...........#
#...........#
#.@5.......##
####(##'####
###.##.#####
...5......>....#
.....5.......#.#
.#######.#.#.#.#
#.###...## #.#
##...# #### #.#
#...###...


You could see Grinder.

Vanquished Creatures
  Robin (D:2)
  2 adders (D:2)
  3 worms (D:2)
  2 dart slugs
  3 leopard geckos
  An orc (D:3)
  5 bats
  4 giant cockroaches
  15 goblins
  8 hobgoblins
  7 jackals
  A quokka (D:2)
  A ball python (D:1)
  2 frilled lizards (D:3)
  5 kobolds
  5 rats
65 creatures vanquished.

Notes
Turn   | Place    | Note
-------+----------+-------------------------------------------
     0 | D:1      | sveltemanboy the Demonspawn Gladiator began the quest for the Orb.
     0 | D:1      | Reached XP level 1. HP: 16/16 MP: 1/1
   178 | D:1      | Reached skill level 3 in Long Blades
   225 | D:1      | Gained mutation: You have sharp fingernails. [demonic ancestry]
   225 | D:1      | Reached XP level 2. HP: 22/22 MP: 2/2
   450 | D:1      | Reached skill level 1 in Armour
   785 | D:2      | Reached skill level 1 in Unarmed Combat
   798 | D:2      | Reached XP level 3. HP: 26/27 MP: 3/3
   862 | D:2      | Reached skill level 1 in Shields
  1211 | D:2      | Found a hide-covered altar of Uskayaw.
  1298 | D:2      | Noticed Robin
  1326 | D:2      | Gained mutation: You are immune to rotting. [demonic ancestry]
  1326 | D:2      | Reached XP level 4. HP: 20/33 MP: 4/4
  1333 | D:2      | Killed Robin
  1707 | D:2      | Found a deep blue altar of Sif Muna.
  1960 | D:3      | Found an iron altar of Okawaru.
  1969 | D:3      | Became a worshipper of Warmaster Okawaru
  1989 | D:3      | Noticed Grinder
  1995 | D:3      | Gained mutation: Your flesh is heat resistant. (rF+) [potion of mutation]
  1995 | D:3      | Gained mutation: Your spells are a little easier to cast, but a little less powerful. [potion of mutation]
  1995 | D:3      | Gained mutation: Your spells are easier to cast, but less powerful. [potion of mutation]
  1997 | D:3      | Paralysed by Grinder for 2 turns
  2015 | D:3      | Paralysed by Grinder for 7 turns
  2019 | D:3      | Slain by Grinder

Skill      XL: |  1  2  3  4 |
---------------+-------------+-----
Long Blades    | 3 |  3.1
Armour         | 1 |  1.5
Unarmed Combat | 1 2 |  2.1
Shields        | 1 2 |  2.1
Fighting       | |  2.0
Throwing       | |  1.7
Dodging        | |  2.6

Action                   |  1- 3 |  4- 6 || total
-------------------------+-------+-------++-------
Melee: Long sword        |   123 |    72 ||   195
       Punch             |     1 |     1 ||     2
Throw: Tomahawk          |       |     1 ||     1
  Use: Scroll            |     4 |     4 ||     8
       Potion            |     1 |     3 ||     4
  Eat: Chunk             |     1 |     3 ||     4
Armor: Scale mail        |    73 |    42 ||   115
Dodge: Dodged            |    81 |    45 ||   126
       Rpst.: Long sword |    28 |     9 ||    37
